 Dungeon Sprint DCSS version 0.21.1-1-g345015f (webtiles) character file.

1 Fang the Sneak (level 1, -8/12 HPs)
             Began as a Gargoyle Assassin on June 8, 2018.
             Was an Initiate of Trog.
             Mangled by a mummy (12 damage)
             ... in the Dungeon (Sprint VII: "The Pits").
             The game lasted 00:00:25 (94 turns).

Fang the Sneak (Gargoyle Assassin)                    Turns: 94, Time: 00:00:26

Health: -8/12      AC:  5    Str: 14    XL:     1   Next: 20%
Magic:  1/1        EV: 11    Int: 11    God:    Trog [......]
Gold:   0          SH:  0    Dex: 11    Spells: 0/0 levels left

rFire    . . .     SeeInvis .   a - +2 dagger
rCold    . . .     Gourm    .   (no shield)
rNeg     + . .     Faith    .   c - +0 robe
rPois    ∞         Spirit   .   (no helmet)
rElec    +         Reflect  .   d - +0 cloak
rCorr    .         Harm     .   (no gloves)
MR       .....     NoTele   +   (no boots)
Stlth    +++.......             (no amulet)
HPRegen  0.04/turn              (no ring)
MPRegen  0.07/turn              (no ring)

@: no status effects
A: negative energy resistance 1, electricity resistance, unbreathing,
petrification resistance, rot immunity, AC +2
a: Burn Spellbooks, Renounce Religion


You were in the Dungeon.
You worshipped Trog.
Trog was noncommittal.
You were not hungry.

You visited 1 branch

Inventory:

Hand Weapons
 a - a +2 dagger (weapon)
 b - a +0 blowgun
Missiles
 e - 8 poisoned needles
 f - 2 curare-tipped needles
Armour
 c - a +0 robe (worn)
 d - a +0 cloak (worn)
Scrolls
 m - a scroll of blinking
 o - 3 scrolls of remove curse
 p - a scroll of summoning
Potions
 h - a potion of curing
 j - a potion of haste
 k - 4 potions of magic
 l - 3 potions of berserk rage
 n - 2 potions of invisibility
Comestibles
 g - 9 rations


   Skills:
 + Level 2.2 Fighting
 + Level 1.8 Short Blades
 + Level 1.8 Throwing
 + Level 0.7 Dodging
 + Level 5.0 Stealth


You couldn't memorise any spells.
You didn't know any spells.

Dungeon Overview and Level Annotations

Branches:
Dungeon (1/1)

Altars:
Cheibriados
Dithmenos
Elyvilon
Fedhas
Gozag
Hepliaklqana
Makhleb
Nemelex Xobeh
Okawaru
Qazlal
Ru
Sif Muna
Trog
Vehumet
Wu Jian
Xom
Yredelemnul
Zin
The Shining One
Beogh
Jiyva
Lugonu


Innate Abilities, Weirdness & Mutations

You are resistant to torment.
Your stone body is resilient. (AC +2)
You are immune to poison.
You resist negative energy. (rN+)
You are resistant to electric shocks. (rElec)
You can survive without breathing.
You are immune to petrification.
You are immune to rotting.


Message History

You closely miss the mummy.
The mummy is heavily damaged.
The bat zombie hits you but does no damage.
The bat hits you but does no damage. The bat zombie hits you.
The mummy hits you. The wolf bites you.
* * * LOW HITPOINT WARNING * * *
The bat zombie closely misses you.
You are too injured to fight recklessly!
Unknown command.
You are too injured to fight recklessly!
Unknown command.
You are too injured to fight recklessly!
Unknown command.
You feel much better. The bat zombie closely misses you.
The bat hits you but does no damage. The wolf bites you.
The bat zombie barely misses you. The wolf bites you.
The bat zombie hits you but does no damage.
The mummy hits you!
Ouch! That really hurt!
You die...

#.#
#.......
#.#
#...<...
#.#
#.......
#.#
#.......
#'######
#.......
#..#.#.##
########
#.......#
##.#.#.##
#..@hb..#
##M#Z#.##
#...w...#
##.#.#..+
########


You could see a wolf, a mummy, a worm, a bat zombie and a bat.

Vanquished Creatures
  A goblin (D)
1 creature vanquished.

Notes
Turn   | Place    | Note
-------+----------+-------------------------------------------
     0 | D        | Fang the Gargoyle Assassin began the quest for the Orb.
     0 | D        | Reached XP level 1. HP: 12/12 MP: 1/1
    16 | D        | Reached skill level 5 in Stealth
    20 | D        | Found a bloodstained altar of Trog.
    20 | D        | Found a deep blue altar of Sif Muna.
    20 | D        | Found a viscous altar of Jiyva.
    20 | D        | Found a hazy altar of Hepliaklqana.
    20 | D        | Found an opulent altar of Gozag.
    21 | D        | Found a glowing golden altar of the Shining One.
    21 | D        | Found a glowing silver altar of Zin.
    21 | D        | Found a basalt altar of Yredelemnul.
    21 | D        | Found a shimmering altar of Xom.
    21 | D        | Found an ornate altar of the Wu Jian Council.
    21 | D        | Found a sacrificial altar of Ru.
    21 | D        | Found a stormy altar of Qazlal.
    21 | D        | Found an iron altar of Okawaru.
    21 | D        | Found a sparkling altar of Nemelex Xobeh.
    21 | D        | Found a burning altar of Makhleb.
    21 | D        | Found a blossoming altar of Fedhas.
    21 | D        | Found a white marble altar of Elyvilon.
    21 | D        | Found a shadowy altar of Dithmenos.
    21 | D        | Found a snail-covered altar of Cheibriados.
    23 | D        | Found a radiant altar of Vehumet.
    23 | D        | Found a corrupted altar of Lugonu.
    23 | D        | Found a roughly hewn altar of Beogh.
    25 | D        | Became a worshipper of Trog the Wrathful
    66 | D        | Noticed a worker ant
    66 | D        | Noticed a floating eye
    89 | D        | Noticed a wolf
    94 | D        | Mangled by a mummy

Skill      XL: |  1 |
---------------+----+-----
Stealth        | 5 |  5.0
Fighting       | |  2.2
Short Blades   | |  1.8
Throwing       | |  1.8
Dodging        | |  0.7

Action                   || total
-------------------------++-------
Melee: Dagger            ||     4
  Use: Potion            ||     1
 Stab: Sleeping          ||     1
Armor: Robe              ||     7
Dodge: Dodged            ||     8
